 Dungeon Crawl Stone Soup version 0.23.2-30-g0e89c35649 (webtiles) character file.

Game seed: 4552410552847437768

232 Brecoman the Distorting Demonspawn (level 5, 0/42 HPs)
             Began as a Demonspawn Abyssal Knight on June 14, 2019.
             Was a Believer of Lugonu.
             Succumbed to a worker ant's poison
             ... on level 4 of the Dungeon.
             The game lasted 00:09:30 (3481 turns).

Brecoman the Distorting Demonspawn (DsAK)           Turns: 3481, Time: 00:09:31

Health: 0/42       AC:  9    Str: 13    XL:     5   Next: 73%
Magic:  1/8        EV:  6    Int: 13    God:    Lugonu [**....]
Gold:   145        SH:  0    Dex: 13    Spells: 4/4 levels left

rFire    . . .     SeeInvis +   m - +1 mace (protect)
rCold    . . .     Gourm    .   (no shield)
rNeg     . . .     Faith    .   a - +0 chain mail
rPois    .         Spirit   +   (no helmet)
rElec    .         Reflect  .   (no cloak)
rCorr    .         Harm     .   (no gloves)
MR       .....                  (no boots)
Stlth    ..........             (no amulet)
HPRegen  0.14/turn              k - ring of see invisible
MPRegen  0.11/turn              (no ring)

@: lethally poisoned (0 -> -3), hasted and slowed
A: talons 2, magic shield
a: Depart the Abyss, Bend Space, Renounce Religion


You were on level 4 of the Dungeon.
You worshipped Lugonu.
Lugonu was pleased with you.
You were very hungry.

You visited 1 branch of the dungeon, and saw 4 of its levels.
You visited the Abyss 1 time.

You collected 145 gold pieces.

Inventory:

Hand Weapons
 m - a +1 mace of protection (weapon)
Missiles
 g - 21 stones (quivered)
 o - 2 tomahawks
Armour
 a - a +0 chain mail (worn)
 b - a +0 leather armour
Jewellery
 k - a ring of see invisible (left hand)
 l - an uncursed ring of stealth {unknown}
 s - a +3 ring of intelligence {unknown}
Scrolls
 h - a scroll of teleportation {unknown}
 j - 2 scrolls of magic mapping {unknown}
 p - 4 scrolls of identify
 q - a scroll of noise {unknown}
 r - a scroll of amnesia {unknown}
Potions
 d - a potion of berserk rage {unknown}
 e - a potion of brilliance {unknown}
 f - a potion of haste
 i - 2 potions of curing {unknown}
 n - a potion of heal wounds {unknown}
 u - a potion of agility {unknown}
Comestibles
 c - 5 rations
 t - 2 chunks of flesh


   Skills:
 + Level 3.9 Fighting
 + Level 2.9 Maces & Flails
 + Level 2.7 Armour
 + Level 2.3 Dodging
 + Level 4.1 Invocations


You had 4 spell levels left.
You didn't know any spells.
Your spell library was empty.

Dungeon Overview and Level Annotations

Branches:
Dungeon (4/15)
 Temple: D:4-7

Altars:
Dithmenos
Yredelemnul


Innate Abilities, Weirdness & Mutations

You have razor-sharp toenails.
When hurt, damage is shared between your health and your magic reserves.


Message History

The orc wizard gestures at you while chanting.
The magic dart hits you.
* * * LOW HITPOINT WARNING * * *
The worker ant barely misses you.
* * * LOW HITPOINT WARNING * * *
You feel sick.
The orc wizard hits you but does no damage. x2
The worker ant bites you but does no damage.
The orc wizard gestures at you while chanting.
The magic dart hits you.
* * * LOW HITPOINT WARNING * * *
You feel yourself speed up.
* * * LOW HITPOINT WARNING * * *
You feel sick.
The orc wizard is no longer moving quickly.
The worker ant bites you but does no damage.
The orc wizard barely misses you. The worker ant completely misses you.
The orc wizard hits you with a +0 dagger.
* * * LOW HITPOINT WARNING * * *
You die...

#.####### #..#####
#.# #......# #.###
#.####.# #)..# #.#
#.. ###Z## #.# ###
#.o# #.# ##a# #.#
#.# #####.#####
#@# #.........##
#.#####...........
#.................
#######.........##
###########


You could see a worker ant, an orc wizard and a worker ant zombie.

Vanquished Creatures
  A bullfrog zombie (D:4)
  2 worker ants
  A worker ant zombie (D:4)
  A howler monkey skeleton (D:4)
  4 adders
  An ooze (D:2)
  An adder zombie (D:4)
  An adder skeleton (D:4)
  A worm (D:2)
  2 leopard geckos
  5 orcs
  9 bats
  3 goblins
  7 hobgoblins
  6 jackals
  2 quokkas
  A ball python (D:1)
  2 ball python zombies (D:4)
  6 frilled lizards
  A jackal zombie (D:4)
  13 kobolds
  2 leopard gecko skeletons (D:4)
  A leopard gecko zombie (D:4)
  6 rats
79 creatures vanquished.

Notes
Turn   | Place    | Note
-------+----------+-------------------------------------------
     0 | Abyss:1  | Brecoman the Demonspawn Abyssal Knight began the quest for
                  | the Orb.
     0 | Abyss:1  | Reached XP level 1. HP: 18/18 MP: 2/2
    33 | Abyss:1  | Noticed a small abomination
    39 | Abyss:1  | Noticed a ynoxinul
    44 | D:1      | Escaped the Abyss
   102 | D:1      | Reached * piety under Lugonu
   287 | D:1      | Reached skill level 1 in Dodging
   470 | D:1      | Gained mutation: You have sharp toenails. [demonic
                  | ancestry]
   470 | D:1      | Reached XP level 2. HP: 22/24 MP: 3/3
  1183 | D:2      | Gained mutation: You have razor-sharp toenails. [demonic
                  | ancestry]
  1183 | D:2      | Reached XP level 3. HP: 6/29 MP: 5/5
  1271 | D:2      | Reached skill level 3 in Invocations
  1599 | D:2      | Found a basalt altar of Yredelemnul.
  1665 | D:2      | Found a shadowy altar of Dithmenos.
  1678 | D:2      | Found a faded altar of an unknown god.
  1966 | D:2      | Reached ** piety under Lugonu
  2173 | D:2      | Gained mutation: When hurt, damage is shared between your
                  | health and your magic reserves. [demonic ancestry]
  2173 | D:2      | Reached XP level 4. HP: 35/35 MP: 6/6
  3147 | D:3      | Reached XP level 5. HP: 31/42 MP: 4/7
  3236 | D:4      | Reached skill level 4 in Invocations
  3479 | D:4      | HP: 2/42 [poisoned by a worker ant]
  3481 | D:4      | Succumbed to a worker ant's poison

Skill      XL: |  1  2  3  4  5 |
---------------+----------------+-----
Maces & Flails | 2 |  2.9
Dodging        | 1 2 |  2.3
Armour         | 2 |  2.7
Invocations    | 3 4 |  4.1
Fighting       | |  3.9

Action                   |  1- 3 |  4- 6 || total
-------------------------+-------+-------++-------
Melee: Mace              |    95 |   140 ||   235
       Kick              |    13 |    26 ||    39
Invok: Depart the Abyss  |     1 |       ||     1
  Use: Scroll            |     2 |       ||     2
       Potion            |     1 |     1 ||     2
 Stab: Sleeping          |     1 |       ||     1
  Eat: Chunk             |     4 |     3 ||     7
Armor: Leather armour    |    18 |     6 ||    24
       Chain mail        |       |   120 ||   120
Dodge: Dodged            |    65 |   100 ||   165
